 Dungeon Crawl Stone Soup version 0.20.1-1-g8b1a95d (webtiles) character file.

8230 Megalobster the Cleaver (level 11, 0/99 HPs)
             Began as a Deep Dwarf Fighter on Aug 1, 2017.
             Was an Elder of Makhleb.
             Slain by an unseen horror (7 damage)
             ... on level 10 of the Dungeon.
             The game lasted 00:45:34 (7985 turns).

Megalobster the Cleaver (Deep Dwarf Fighter)        Turns: 7985, Time: 00:45:35

Health: 0/99       AC:  0    Str: 23    XL:     11   Next: 7%
Magic:  10/10      EV:  9    Int:  9    God:    Makhleb [****..]
Gold:   444        SH: 13    Dex: 12    Spells: 10/10 levels left

rFire    + + .     SeeInvis .   l - +1 hand axe "Ocwousio" {chop, rPois rF+ rC+++ MR+}
rCold    + + +     Gourm    .   T - +2 shield of Resistance {rF+ rC+ MR+}
rNeg     . . .     Faith    +   e - +3 ring mail {MR+}
rPois    +         Spirit   .   (no helmet)
rElec    .         Reflect  .   N - +0 cloak
rCorr    .         Harm     .   (no gloves)
MR       ++++.                  S - +0 pair of boots
Stlth    +.........             Z - amulet of faith
Regen    0.0/turn               y - ring of poison resistance
MPRegen  0.2/turn               X - +3 ring of protection

@: corroded, very slightly contaminated, non-regenerating, invisible
A: damage resistance, heal wounds, sense surroundings 2, no regeneration
a: Heal Wounds, Minor Destruction, Lesser Servant of Makhleb, Major Destruction,
Renounce Religion


You were on level 10 of the Dungeon.
You worshipped Makhleb.
Makhleb was greatly pleased with you.
You were hungry.

You visited 2 branches of the dungeon, and saw 11 of its levels.

You collected 587 gold pieces.
You spent 143 gold pieces at shops.

Inventory:

Hand Weapons
 b - a +0 hunting sling
 l - the +1 hand axe "Ocwousio" (weapon) {chop, rPois rF+ rC+++ MR+}
   (You took it off a centaur on level 8 of the Dungeon)

   It inflicts extra damage upon your enemies.
   It protects you from fire.
   It renders you almost immune to cold.
   It protects you from poison.
   It affects your resistance to hostile enchantments.
 o - the +4 battleaxe of Eggos {venom, Str+2, unknown}
   (You acquired it on level 10 of the Dungeon)

   It poisons the flesh of those it strikes.
   It affects your strength (+2).
 x - the +7 sceptre of Torment
   (You found it on level 8 of the Dungeon)
 A - a +0 blowgun
 B - a +5 war axe
 U - a +3 antimagic war axe
Missiles
 i - 316 stones
 n - 73 poisoned needles
 v - 48 sling bullets
 J - 13 tomahawks (quivered)
 L - a throwing net
Armour
 e - a +3 ring mail of magic resistance (worn)
 N - a +0 cloak (worn)
 P - a +0 plate armour
 R - the +0 large shield of Anaesthesia {MP+9 Int+2}
   (You found it on level 7 of the Dungeon)

   It affects your intelligence (+2).
   It affects your magic capacity (+9).
 S - a +0 pair of boots (worn)
 T - the +2 shield of Resistance (worn) {rF+ rC+ MR+}
   (You took it off an orc on level 8 of the Dungeon)

   It protects you from fire.
   It protects you from cold.
   It affects your resistance to hostile enchantments.
Jewellery
 g - an uncursed ring of positive energy
 y - a ring of poison resistance (left hand)
 C - an uncursed ring of flight
 F - an uncursed ring of magical power
 G - an uncursed ring of protection from fire
 H - an uncursed ring of protection from magic
 X - a +3 ring of protection (right hand)
 Z - an amulet of faith (around neck)
Wands
 d - a wand of lightning (6/15)
 M - a wand of flame (11/48)
 O - a wand of iceblast (10/15)
 V - a wand of acid (1/15)
Scrolls
 j - 5 scrolls of immolation
 k - 4 scrolls of remove curse
 q - 2 scrolls of amnesia
 s - 2 scrolls of magic mapping
Potions
 p - 3 potions of curing
 z - 3 potions of lignification
 D - 2 potions of resistance {unknown}
 Q - a potion of flight {unknown}
 W - 2 potions of mutation {unknown}
 Y - a potion of ambrosia
Books
 r - a book of Conjurations

   Spells                             Type                      Level
   a - Magic Dart                     Conjuration                  1
   b - Searing Ray                    Conjuration                  2
   c - Dazzling Spray                 Conjuration/Hexes            3
   d - Fulminant Prism                Conjuration/Hexes            4
   e - Force Lance                    Conjuration/Translocation    4
   f - Iskenderun's Mystic Blast      Conjuration                  4
 E - a Grand Grimoire

   Spells                             Type                      Level
   a - Monstrous Menagerie            Summoning                    7
   b - Summon Greater Demon           Summoning                    7
   c - Malign Gateway                 Summoning/Translocation      7
   d - Summon Horrible Things         Summoning                    8
Miscellaneous
 c - a sack of spiders
 h - a phial of floods
Comestibles
 f - 10 bread rations
 m - 11 meat rations
 u - 3 royal jellies
 K - 7 fruits


   Skills:
 + Level 6.9 Fighting
 * Level 10.9 Axes
 + Level 8.6 Armour
 + Level 7.9 Shields
 + Level 7.6 Invocations
 + Level 5.5 Evocations


You had 10 spell levels left.
You didn't know any spells.

Dungeon Overview and Level Annotations

Branches:
Dungeon (10/15)            Temple (1/1) D:5            Lair (0/6) D:10
    Orc: D:9-12

Altars:
Ashenzari
Dithmenos
Elyvilon
Fedhas
Gozag
Hepliaklqana
Makhleb
Okawaru
Ru
Sif Muna
Trog
Uskayaw
Vehumet
Yredelemnul
Zin
The Shining One

Shops:
D:4 ?   D:7 (   D:8 (


Innate Abilities, Weirdness & Mutations

You are resistant to damage.
You can heal yourself by infusing magical energy.
You passively map the area around you.
You do not regenerate.


Message History

You block something's attack. You block something's attack. Something hits you.
You block something's attack. Something hits you. You block something's attack.
Something hits you.
* * * LOW HITPOINT WARNING * * *
Something hits you.
* * * LOW HITPOINT WARNING * * *
Something hits you!
* * * LOW HITPOINT WARNING * * *
Something hits you!
* * * LOW HITPOINT WARNING * * *
Something hits you.
Items here: ) [ †† a dagger; a runed ring mail; a worker ant corpse; a killer bee corpse Something hits you.
* * * LOW HITPOINT WARNING * * *
Something hits you. Something hits you!
You die...

..........###.# * ** *
* , ,............ .# *
** :.........## .# .. *
.......(...##.### .##
................ ...# ,
#...........#.#* ...#
#.........#...# *....#
,
#......?.....####....#
*#..........#.@.......#
,
#.........#####......#
*
<........$####...##.##
##.....>.###......# #
*#.......###..####.#,,
...###### #.## ..#
>##.#.########.#### #.#
...#......##.....##*..
*
#.#..............###..*


There were no monsters in sight!

Vanquished Creatures
  A hydra (D:8)
  A two-headed ogre (D:8)
  A manticore (D:8)
  A gargoyle (D:10)
  2 hippogriffs
  3 wyverns
  A vampire (D:10)
  Eustachio (D:6)
  A hungry ghost (D:8)
  Menkaure (D:6)
  6 orc warriors
  2 phantoms
  4 sky beasts
  An ice beast (D:4)
  A necrophage (D:8)
  5 ogres
  5 centaurs
  A crocodile (D:10)
  2 wyvern zombies (D:10)
  5 bullfrogs
  A water moccasin zombie (D:10)
  2 wyvern skeletons
  2 scorpions
  10 killer bees
  2 howler monkeys
  A crimson imp (D:8)
  A quasit (D:8)
  2 bullfrog skeletons
  2 bullfrog zombies
  Crazy Yiuf (D:6)
  4 orc priests
  6 hounds
  3 jellies
  2 centaur skeletons
  4 iguanas
  10 orc wizards
  10 worker ants
  15 adders
  2 oozes
  2 adder zombies (D:8)
  3 adder skeletons
  2 worms
  A dart slug (D:2)
  3 leopard geckos
  35 orcs
  8 giant cockroaches
  12 goblins
  6 hobgoblins
  8 jackals
  3 kobolds
  4 quokkas
  5 bats
  6 frilled lizards
  A giant cockroach zombie (D:5)
  A jackal skeleton (D:8)
  2 quokka skeletons (D:8)
  10 rats
237 creatures vanquished.

Vanquished Creatures (collateral kills)
  2 jackals (D:7)
2 creatures vanquished.

Grand Total: 239 creatures vanquished

Notes
Turn   | Place    | Note
-------+----------+-------------------------------------------
     0 | D:1      | Megalobster the Deep Dwarf Fighter began the quest for the Orb.
     0 | D:1      | Reached XP level 1. HP: 20/20 MP: 1/1
   216 | D:1      | Reached XP level 2. HP: 27/27 MP: 2/2
   782 | D:2      | Reached skill level 3 in Axes
   799 | D:2      | Reached XP level 3. HP: 25/33 MP: 3/3
   983 | D:2      | Found a white marble altar of Elyvilon.
  1475 | D:3      | Reached XP level 4. HP: 23/40 MP: 4/4
  1786 | D:4      | Found Iteynlie's Magic Scroll Emporium.
  1807 | D:4      | Bought a scroll of remove curse for 33 gold pieces
  1807 | D:4      | Bought a scroll of identify for 22 gold pieces
  1807 | D:4      | Bought a scroll of teleportation for 33 gold pieces
  1807 | D:4      | Bought a scroll of teleportation for 33 gold pieces
  1807 | D:4      | Bought a scroll of identify for 22 gold pieces
  1869 | D:4      | Reached skill level 4 in Axes
  1875 | D:4      | Reached XP level 5. HP: 24/49 MP: 5/5
  1906 | D:4      | Noticed an ogre
  1918 | D:4      | Killed an ogre
  2089 | D:4      | Reached XP level 6. HP: 54/56 MP: 6/6
  2147 | D:4      | Noticed an ice beast
  2158 | D:4      | Killed an ice beast
  2158 | D:4      | Reached skill level 5 in Axes
  2330 | D:5      | Entered Level 5 of the Dungeon
  2380 | D:5      | Noticed a sky beast
  2389 | D:5      | Killed a sky beast
  2389 | D:5      | Reached XP level 7. HP: 15/64 MP: 7/7
  2392 | D:5      | Reached skill level 5 in Shields
  2403 | D:5      | Reached skill level 5 in Armour
  2630 | D:5      | Reached skill level 6 in Axes
  2695 | D:5      | Found a staircase to the Ecumenical Temple.
  2715 | Temple   | Entered the Ecumenical Temple
  2772 | Temple   | Became a worshipper of Makhleb the Destroyer
  2895 | D:5      | Found an opulent altar of Gozag.
  3109 | D:5      | Reached skill level 1 in Invocations
  3235 | D:6      | Reached XP level 8. HP: 30/73 MP: 7/9
  3261 | D:6      | Found a glowing golden altar of the Shining One.
  3384 | D:6      | Reached skill level 7 in Axes
  3396 | D:6      | Noticed Menkaure
  3406 | D:6      | Killed Menkaure
  3900 | D:6      | Reached skill level 5 in Fighting
  3917 | D:6      | Found a runed door.
  3921 | D:6      | Noticed Crazy Yiuf
  3928 | D:6      | Killed Crazy Yiuf
  4016 | D:6      | Noticed Eustachio
  4036 | D:6      | Killed Eustachio
  4036 | D:6      | Reached skill level 8 in Axes
  4435 | D:7      | Found Hoxt's Antique Weapon Shop.
  4470 | D:7      | Gained mutation: You passively map the area around you. [Deep Dwarf growth]
  4470 | D:7      | Reached XP level 9. HP: 24/81 MP: 12/12
  4665 | D:7      | Reached * piety under Makhleb
  4850 | D:7      | HP: 4/81 [orc warrior/hand axe (3)]
  4859 | D:7      | HP: 4/81 [orc warrior/hand axe (15)]
  4999 | D:7      | Got a smoking large shield
  5021 | D:7      | Identified the cursed +0 large shield of Anaesthesia {MP+9 Int+2} (You found it on level 7 of the Dungeon)
  5057 | D:7      | Reached skill level 1 in Evocations
  5470 | D:8      | Reached skill level 5 in Invocations
  5481 | D:8      | Reached skill level 9 in Axes
  5617 | D:8      | Noticed a manticore
  5629 | D:8      | HP: 2/82 [manticore (13)]
  5838 | D:8      | Reached ** piety under Makhleb
  5964 | D:8      | Found Kiumih's Antique Weapon Boutique.
  6107 | D:8      | Killed a manticore
  6107 | D:8      | Reached XP level 10. HP: 50/91 MP: 13/13
  6300 | D:8      | Noticed a four-headed hydra
  6502 | D:8      | Killed a six-headed hydra
  6502 | D:8      | Reached skill level 10 in Axes
  6681 | D:8      | Got an ancient hand axe {chop}
  6682 | D:8      | Identified the cursed +1 hand axe "Ocwousio" {chop, rPois rF+ rC+++ MR+} (You took it off a centaur on level 8 of the Dungeon)
  6692 | D:8      | Noticed a two-headed ogre
  6709 | D:8      | Killed a two-headed ogre
  7022 | D:9      | Reached *** piety under Makhleb
  7091 | D:9      | Reached skill level 5 in Evocations
  7125 | D:9      | Found a shadowy altar of Dithmenos.
  7574 | D:10     | Entered Level 10 of the Dungeon
  7581 | D:10     | Reached **** piety under Makhleb
  7643 | D:10     | Noticed a gargoyle
  7687 | D:10     | Killed a gargoyle
  7787 | D:10     | Reached XP level 11. HP: 41/99 MP: 13/13
  7955 | D:10     | Identified a scroll of acquirement
  7966 | D:10     | Got a brightly glowing battleaxe
  7985 | D:10     | Slain by an unseen horror

Skill      XL: |  1  2  3  4  5  6  7  8  9 10 |
---------------+-------------------------------+-----
Axes           | 3 4 5 6 8 9 10 | 10.9
Fighting       | 3 4 5 6 |  6.9
Shields        | 4 5 6 7 |  7.9
Armour         | 4 5 6 7 8 |  8.6
Invocations    | 1 4 5 7 |  7.6
Evocations     | 3 5 |  5.5

Action                   |  1- 3 |  4- 6 |  7- 9 | 10-12 || total
-------------------------+-------+-------+-------+-------++-------
Melee: War axe           |   142 |   141 |   443 |    92 ||   818
       Hand axe          |       |       |       |   347 ||   347
Throw: Stone             |    14 |    12 |    16 |       ||    42
       Tomahawk          |       |       |     7 |     9 ||    16
Invok: Minor Destruction |       |       |       |     3 ||     3
       Major Destruction |       |       |       |     1 ||     1
 Abil: Heal Wounds       |       |     1 |    18 |    15 ||    34
Evoke: Wand              |       |       |       |     6 ||     6
  Use: Potion            |     3 |       |     6 |     5 ||    14
       Scroll            |       |     4 |     4 |    11 ||    19
  Eat: Chunk             |     2 |     3 |     8 |     4 ||    17
       Bread ration      |       |       |     2 |       ||     2
       Meat ration       |       |       |     1 |       ||     1
Armor: Ring mail         |    69 |    66 |   169 |   185 ||   489
Dodge: Dodged            |    40 |    47 |   104 |   112 ||   303
Block: Shield            |    66 |    77 |   136 |   268 ||   547
       Large shield      |       |       |   187 |     8 ||   195
